 Dungeon Crawl Stone Soup version 0.31-a0-705-ga145531891 (webtiles) character file.

Game seed: 3560994748711972208

2135 randomguy2701 the Cleaver (level 9, -5/78 HPs)
             Began as a Hill Orc Fighter on Sept 9, 2023.
             Killed from afar by a white imp (13 damage)
             ... with a puff of frost
             ... on level 7 of the Dungeon on Sept 10, 2023.
             The game lasted 00:07:47 (6790 turns).

randomguy2701 the Cleaver (Hill Orc Fighter)        Turns: 6790, Time: 00:07:49

Health: -5/78      AC: 14    Str: 19    XL:     9   Next: 30%
Magic:  9/9        EV:  6    Int:  8    God:
Gold:   381        SH:  5    Dex: 14    Spells: 8/8 levels left

rFire   . . .        a - +0 war axe
rCold   . . .        c - +0 buckler
rNeg    . . .        t - +0 plate armour
rPois   .            r - +0 helmet
rElec   .            (no cloak)
rCorr   .            (no gloves)
SInv    .            (no boots)
Will    .....        (no amulet) Stlth
                     (no ring)
HPRegen 0.33/turn    (no ring)
MPRegen 0.11/turn

%: no passive effects
@: mighty
A: no striking features
a: no special abilities


You were on level 7 of the Dungeon.
You visited 1 branch of the dungeon, and saw 7 of its levels.
You also visited: Sewer.

You collected 381 gold pieces.

Inventory:

Hand Weapons
 a - a +0 war axe (weapon)
Missiles
 z - 2 throwing nets
Armour
 c - a +0 buckler (worn)
 r - a +0 helmet (worn)
 t - a +0 plate armour (worn)
Jewellery
 x - a ring of poison resistance
 A - an amulet of faith
Wands
 w - a wand of quicksilver (8)
 y - a wand of polymorph (7)
 C - a wand of flame (20)
Scrolls
 e - 7 scrolls of identify {unknown}
 h - a scroll of amnesia {unknown}
 i - 4 scrolls of blinking {unknown}
 l - a scroll of fear {unknown}
 m - a scroll of poison {unknown}
 n - a scroll of fog {unknown}
 o - a scroll of teleportation {unknown}
 p - 2 scrolls of enchant armour {unknown}
 v - a scroll of revelation {unknown}
 B - a scroll of vulnerability {unknown}
Potions
 b - a potion of mutation {unknown}
 f - a potion of heal wounds {unknown}
 g - 5 potions of enlightenment {unknown}
 j - a potion of cancellation {unknown}
 k - a potion of curing
 q - 3 potions of haste {unknown}
 s - 2 potions of brilliance {unknown}
 u - 2 potions of lignification {unknown}


   Skills:
 + Level 6.6 Fighting
 + Level 11.2 Axes
 + Level 7.6 Armour
 + Level 1.2 Dodging
 + Level 0.5 Stealth
 + Level 4.5 Shields


You had 8 spell levels left.
You didn't know any spells.
Your spell library contained the following spells:

 Spells                   Type           Power      Damage    Failure   Level
 Summon Small Mammal      Summ           0%         N/A       100%        1
 Call Canine Familiar     Summ           0%         N/A       100%        3
 Summon Guardian Golem    Hex/Summ       0%         N/A       100%        3


Dungeon Overview and Level Annotations

Branches:
Dungeon (7/15)             Temple (0/1) D:6           Sewer (visited)

Altars:
Dithmenos
Gozag

Shops:
D:5 (


Message History

You slash the killer bee!
You kill the killer bee!
You barely miss the killer bee. You slash the killer bee!
You kill the killer bee!
You closely miss the howler monkey.
You feel sick. The killer bee barely misses you.
The howler monkey closely misses you.
Your Axes skill increases to level 11!
You slash the howler monkey!
You kill the howler monkey!
You barely miss the killer bee.
You feel sick. The killer bee closely misses you.
The killer bee stings you but does no damage.
Unknown command.
You barely miss the white imp. You miss the killer bee.
You block the killer bee's attack.
A water moccasin comes into view.
The killer bee barely misses you.
Unknown command.
You barely miss the white imp.
The water moccasin hisses angrily.
You slash the killer bee!
You feel sick.
You are no longer poisoned.
The killer bee stings you but does no damage.
The white imp hits you but does no damage.
The killer bee stings you but does no damage.
It was a potion of curing.
You feel better.
The killer bee stings you but does no damage.
The white imp hits you.
* * * LOW HITPOINT WARNING * * *
The white imp freezes you.
* * * LOW HITPOINT WARNING * * *
The sleepcap releases spores at you but does no damage.
You block the killer bee's attack.
You miss the killer bee.
The killer bee is heavily wounded.
You slash the sleepcap! You closely miss the white imp.
The killer bee barely misses you. The white imp gestures at you.
The puff of frost hits you!
You die...

.#... .. ... ....# ...
...###+####...#....
...................
.............)......
.......S............. #..
#........##)#####...# #..
#.........5)....# ..# #..
#.......÷f@$....#...# #..
#.........y†....#...###+#..
#.....!........##.........
##..............##(........
##................#.........
............#####.#.......#.
.....^.#....# .#.........
.......#....#### .###...##
...............# #####.....


You could see a water moccasin, a sleepcap, a killer bee and a white imp.

Vanquished Creatures
  Sigmund (D:2)
  Menkaure (D:6)
  An ice beast (D:6)
  Pargi (Sewer)
  A black bear (D:7)
  2 ogres (D:4)
  A centaur (D:4)
  2 kobold brigands
  Blork the orc (D:6)
  A phantom (D:6)
  9 killer bees (D:7)
  A howler monkey (D:7)
  3 hounds
  Crazy Yiuf (D:6)
  2 jellies
  A gnoll bouda (D:6)
  An iguana (D:4)
  An orc wizard (D:7)
  Terence (D:2)
  16 gnolls
  8 adders
  A river rat (D:3)
  A shadow imp (D:5)
  An ufetubus (D:4)
  A worm (D:5)
  3 dart slugs
  10 orcs
  8 ball pythons
  A bat (D:3)
  8 endoplasms
  3 giant cockroaches
  7 hobgoblins
  15 kobolds
  2 quokkas
  7 frilled lizards
  8 goblins
  5 rats
137 creatures vanquished.

Notes
Turn   | Place    | Note
-------+----------+-------------------------------------------
     0 | D:1      | randomguy2701 the Hill Orc Fighter began the quest for the
                  | Orb.
     0 | D:1      | Reached XP level 1. HP: 19/19 MP: 1/1
   186 | D:1      | Reached XP level 2. HP: 24/27 MP: 2/2
   700 | D:2      | Reached skill level 3 in Axes
   826 | D:2      | Reached XP level 3. HP: 33/33 MP: 3/3
   960 | D:2      | Noticed Terence
   966 | D:2      | Killed Terence
   967 | D:2      | Reached skill level 4 in Axes
   967 | D:2      | Reached XP level 4. HP: 33/40 MP: 4/4
  1124 | D:2      | Noticed Sigmund
  1586 | D:2      | Killed Sigmund
  1587 | D:2      | Reached skill level 5 in Axes
  1587 | D:2      | Reached skill level 5 in Armour
  1587 | D:2      | Reached XP level 5. HP: 27/46 MP: 5/5
  1587 | D:2      | Reached XP level 6. HP: 30/52 MP: 6/6
  2125 | D:3      | Found a glowing drain.
  2133 | Sewer    | Entered a sewer
  2170 | Sewer    | Noticed Pargi
  2191 | Sewer    | Killed Pargi
  2192 | Sewer    | Reached skill level 6 in Axes
  2192 | Sewer    | Reached skill level 1 in Dodging
  2711 | D:3      | Found a shadowy altar of Dithmenos.
  2713 | D:3      | Found a faded altar of an unknown god.
  2774 | D:3      | Reached XP level 7. HP: 24/60 MP: 7/7
  3232 | D:4      | Reached skill level 7 in Axes
  3233 | D:4      | Reached skill level 5 in Fighting
  3991 | D:5      | Entered Level 5 of the Dungeon
  4050 | D:5      | Reached skill level 8 in Axes
  4283 | D:5      | Reached XP level 8. HP: 55/69 MP: 8/8
  4596 | D:5      | Found Motrer's Antique Weapon Emporium.
  5337 | D:6      | Found a staircase to the Ecumenical Temple.
  5529 | D:6      | Found a runed translucent door.
  5530 | D:6      | Noticed Crazy Yiuf
  5573 | D:6      | Noticed Blork the orc
  5584 | D:6      | Killed Blork the orc
  5611 | D:6      | Noticed Menkaure
  5616 | D:6      | Killed Menkaure
  5617 | D:6      | Reached skill level 9 in Axes
  6124 | D:6      | Found an opulent altar of Gozag.
  6331 | D:6      | Killed Crazy Yiuf
  6462 | D:7      | Reached skill level 10 in Axes
  6593 | D:7      | Reached XP level 9. HP: 42/75 MP: 9/9
  6785 | D:7      | HP: 3/78 [poisoned by a killer bee]
  6786 | D:7      | Reached skill level 11 in Axes
  6790 | D:7      | Killed from afar by a white imp

Illustrated notes

Levels and vault maps discovered:
D:1:      minmay_arrival_stair_chambers, layout_loops_ring
D:2:      layout_rooms, uniq_sigmund, uniq_terence
D:3:      layout_basic, mainiacjoe_overflow_tiny_flanked,
          basic_ecumenical_altar, gup_sewer_entry_bubbles
D:4:      layout_rooms, nicolae_figureground_sparkle
D:5:      layout_layer_cave, nicolae_ossuary_entry_plus,
          nicolae_inconvenience_store, minmay_misc_feat_tower,
          lexackson_kobold_supper
D:6:      layout_basic, nicolae_gozag_cash_rules_everything_around_me,
          minmay_temple_entry_mini_moons, uniq_menkaure,
          uniq_crazy_yiuf_cottage, uniq_blork_the_orc
D:7:      layout_basic, enter_bailey_4, amcnicky_mini_pool_small

Skill      XL: |  1  2  3  4  5  6  7  8  9 |
---------------+----------------------------+-----
Axes           | 3 4 5 6 8 10 11 | 11.2
Armour         | 4 5 6 7 |  7.6
Fighting       | 4 5 6 |  6.6
Dodging        | 1 |  1.2
Shields        | 4 |  4.5
Stealth        | |  0.5

Action                     |  1- 3 |  4- 6 |  7- 9 || total
---------------------------+-------+-------+-------++-------
  Melee: War axe           |    60 |   159 |   244 ||   463
    Use: Potion            |       |       |     2 ||     2
 Armour: Scale mail        |    39 |   141 |       ||   180
         Plate armour      |       |    21 |   268 ||   289
  Dodge: Dodged            |    31 |    83 |    80 ||   194
  Block: Buckler           |    13 |    35 |    59 ||   107

Table legend: (Time is in decaauts)
 A = Elapsed time spent in this place.
 B = Non-inter-level travel time spent in this place.
 C = Inter-level travel time spent in this place.
 D = Time resting spent in this place.
 E = Time spent auto-exploring this place.
 F = Levels seen in this place.
 G = Mean time per level.
                   A        B        C        D        E       F      G
               +--------+--------+--------+--------+--------+-----+--------+
         Total |   6915 |   6669 |    246 |    203 |   5344 |   8 |  864.4 |
       Dungeon |   6580 |   6334 |    246 |    203 |   5081 |   7 |  940.0 |
         Sewer |    335 |    335 |      0 |      0 |    263 |   1 |  335.0 |
               +--------+--------+--------+--------+--------+-----+--------+

Top non-repeatable levels by time:
     D:5: 1340 daAuts
     D:1: 1196 daAuts
     D:6: 1097 daAuts
     D:3: 1047 daAuts
     D:2: 844 daAuts
     D:4: 679 daAuts
     D:7: 375 daAuts
   Sewer: 335 daAuts
